 Dungeon Crawl Stone Soup version 0.23.2-33-g5129a83184 (webtiles) character file.

Game seed: 10155401719742109790

1642 Derp the Cudgeler (level 8, -2/80 HPs)
             Began as a Troll Berserker on July 14, 2019.
             Was a Priest of Trog.
             Slain by a death yak (22 damage)
             ... on level 8 of the Dungeon.
             The game lasted 00:23:54 (5697 turns).

Derp the Cudgeler (Troll Berserker)                 Turns: 5697, Time: 00:23:55

Health: -2/80      AC:  7    Str: 28    XL:     8   Next: 67%
Magic:  7/7        EV:  9    Int:  3    God:    Trog [***...]
Gold:   219        SH:  0    Dex:  9    Spells: 7/7 levels left

rFire    + . .     SeeInvis .   w - +4 morningstar (drain)
rCold    . . .     Gourm    +   (no shield)
rNeg     . . .     Faith    .   b - +1 animal skin
rPois    .         Spirit   .   (helmet restricted)
rElec    .         Reflect  .   (no cloak)
rCorr    .         Harm     .   (gloves unavailable)
MR       +....                  (boots unavailable)
Stlth    +.........             (no amulet)
HPRegen  0.63/turn              h - ring of protection from magic
MPRegen  0.10/turn              k - ring of protection from fire

@: extremely drained
A: large, unfitting armour, claws 3, fast metabolism 3, gourmand, regeneration
1, shaggy fur 1, tough skin 3
a: Berserk, Trog's Hand, Renounce Religion


You were on level 8 of the Dungeon.
You worshipped Trog.
Trog was most pleased with you.
You were not hungry.

You visited 1 branch of the dungeon, and saw 8 of its levels.

You collected 429 gold pieces.
You spent 210 gold pieces at shops.

Inventory:

Hand Weapons
 a - a +0 mace
 q - a +1 flail of protection
 w - a +4 morningstar of draining (weapon)
Missiles
 p - 27 poisoned needles
Armour
 b - a +1 animal skin (worn)
Jewellery
 h - a ring of protection from magic (left claw)
 k - a ring of protection from fire (right claw)
 u - an uncursed ring of fire
Wands
 m - a wand of flame (5)
Scrolls
 d - 2 scrolls of fear
 e - 2 scrolls of enchant armour
 f - a scroll of fog
 g - a scroll of blinking {unknown}
 n - 3 scrolls of amnesia
 t - a scroll of remove curse {unknown}
 v - a scroll of random uselessness {unknown}
 y - a scroll of torment {unknown}
 z - 2 scrolls of noise
 A - a scroll of teleportation {unknown}
 B - a scroll of immolation {unknown}
 C - a scroll of enchant weapon {unknown}
 E - 2 scrolls of identify
Potions
 c - 5 potions of curing {unknown}
 i - a potion of invisibility {unknown}
 j - a potion of degeneration {unknown}
 l - 3 potions of might {unknown}
 r - 3 potions of heal wounds {unknown}
 s - a potion of brilliance {unknown}
 x - 3 potions of flight {unknown}
 D - 2 potions of lignification {unknown}
Comestibles
 o - 5 rations


   Skills:
 + Level 5.1(0.0) Fighting
 + Level 7.5(0.0) Maces & Flails
 + Level 5.2(0.0) Dodging
 + Level 0.8(0.0) Stealth


You had 7 spell levels left.
You didn't know any spells.
Your spell library contained the following spells:

 Spells                   Type           Power        Failure   Level  Hunger
 Animate Skeleton         Necr           N/A          52%         1    ##.....
 Apportation              Tloc           #.....       52%         1    ##.....
 Confusing Touch          Hex            #.....       52%         1    ##.....
 Sandblast                Erth           #.....       52%         1    ##.....
 Summon Small Mammal      Summ           #...         52%         1    ##.....
 Passwall                 Tmut/Erth      #.......     67%         2    ###....
 Stone Arrow              Conj/Erth      #.....       88%         3    ####...
 Petrify                  Tmut/Erth      #.......     99%         4    #####..
 Lee's Rapid Deconstruct  Erth           #.........   100%        5    ######.


Dungeon Overview and Level Annotations

Branches:
Dungeon (8/15)             Temple (0/1) D:6
   Lair: D:8-11

Altars:
Ru
Trog
Xom

Shops:
D:5 ((*

Annotations:
D:6 Hycrow's ghost, novice GnAM
D:8 1 transporter


Innate Abilities, Weirdness & Mutations

You are too large for most types of armour.
You have claws for hands.
Your metabolism is lightning-fast.
You like to eat raw meat.
Your natural rate of healing is unusually fast.
You are covered in fur. (AC +1)
You have extremely tough skin. (AC +3)


Message History

You see here a tomahawk.
Your skin crawls.
You feel resistant to hostile enchantments.
You feel quite a bit more hungry. The death yak gores you.
* * * LOW HITPOINT WARNING * * *
You feel the effects of Trog's Hand fading.
Your skin stops crawling.
You feel less resistant to hostile enchantments.
You see here a gnoll skeleton.
Found a stone staircase leading up.
There is a stone staircase leading down here.
The death yak gores you.
You barely miss the death yak. The death yak gores you! x2
The orc hits you with a +0 hand axe. The death yak gores you!
* * * LOW HITPOINT WARNING * * *
There is a stone staircase leading up here.
You don't know any spells.
The orc misses you. The death yak gores you!!
You die...

... .. .. # #.##..#
#.# . #..#..# #.#.#
#.#..##.# #.#.#
..##.#...#.###.#.#
.......@.......#.#
.#####.oYo.###.#.#
.#####..#..###.#.####
..........>.........#
.
...........####..####
#. .##.##.###[# #.o#
#.. #.##.###.####..###
..##...........)....#
.............###รท.###


You could see a death yak and 2 orcs.

Vanquished Creatures
  Edmund (D:4)
  An orc warrior (D:8)
  A sky beast (D:8)
  2 phantoms
  2 centaurs
  An ogre (D:7)
  3 bullfrogs
  3 crimson imps
  2 orc wizards
  A bullfrog skeleton (D:5)
  A centaur skeleton (D:7)
  A hound (D:5)
  2 iguanas
  4 worker ants
  A hound skeleton (D:5)
  2 howler monkey zombies
  10 gnolls
  7 adders
  2 shadow imps (D:6)
  3 oozes (D:1)
  An adder zombie (D:5)
  A worm (D:2)
  A dart slug (D:1)
  5 leopard geckos
  19 orcs
  7 giant cockroaches
  6 goblins
  14 hobgoblins
  3 jackals (D:4)
  A quokka (D:8)
  A ball python (D:3)
  A ball python zombie (D:6)
  10 bats
  4 frilled lizards
  7 kobolds
  A quokka zombie (D:5)
  4 rats
136 creatures vanquished.

Notes
Turn   | Place    | Note
-------+----------+-------------------------------------------
     0 | D:1      | Derp the Troll Berserker began the quest for the Orb.
     0 | D:1      | Reached XP level 1. HP: 22/22 MP: 0/0
   122 | D:1      | Reached XP level 2. HP: 18/29 MP: 1/1
   162 | D:1      | Reached skill level 3 in Maces & Flails
   613 | D:1      | Reached XP level 3. HP: 36/36 MP: 2/2
   628 | D:1      | Reached ** piety under Trog
   941 | D:2      | Reached XP level 4. HP: 36/45 MP: 3/3
  1642 | D:3      | HP: 2/45 [gnoll/+0 spear (2)]
  1739 | D:3      | Reached XP level 5. HP: 27/53 MP: 4/4
  1752 | D:3      | Reached skill level 4 in Maces & Flails
  2667 | D:4      | Noticed Edmund
  2684 | D:4      | Killed Edmund
  2684 | D:4      | Reached XP level 6. HP: 61/61 MP: 5/5
  3251 | D:4      | Reached skill level 5 in Maces & Flails
  3310 | D:5      | Entered Level 5 of the Dungeon
  3466 | D:5      | Reached XP level 7. HP: 68/68 MP: 6/6
  3680 | D:5      | Reached *** piety under Trog
  3710 | D:5      | Found Ysmisa's Antique Weapon Emporium.
  3729 | D:5      | Bought a glowing morningstar for 210 gold pieces
  3848 | D:5      | Found Orphuqan's Antique Weapon Shop.
  4050 | D:5      | Found Acvis's General Store.
  4353 | D:6      | Noticed Hycrow's ghost (novice GnAM)
  4354 | D:6      | Found a runed translucent door.
  4450 | D:6      | Found a staircase to the Ecumenical Temple.
  4480 | D:6      | Reached skill level 6 in Maces & Flails
  4676 | D:6      | Found a bloodstained altar of Trog.
  5146 | D:7      | Reached XP level 8. HP: 79/79 MP: 7/7
  5363 | D:7      | Found a shimmering altar of Xom.
  5368 | D:7      | Found a sacrificial altar of Ru.
  5371 | D:7      | Reached skill level 7 in Maces & Flails
  5410 | D:7      | You fall through a shaft!
  5466 | D:8      | Reached skill level 5 in Dodging
  5513 | D:8      | Reached skill level 5 in Fighting
  5582 | D:8      | Found a transporter.
  5592 | D:8      | Noticed a death yak
  5697 | D:8      | Slain by a death yak

Skill      XL: |  1  2  3  4  5  6  7  8 |
---------------+-------------------------+-----
Maces & Flails | 3 4 5 6 7 |  7.5
Dodging        | 3 4 5 |  5.2
Fighting       | 3 4 5 |  5.1
Stealth        | |  0.8

Action                   |  1- 3 |  4- 6 |  7- 9 || total
-------------------------+-------+-------+-------++-------
Melee: Mace              |   139 |   110 |       ||   249
       Flail             |       |   113 |    19 ||   132
       Morningstar       |       |       |   220 ||   220
Invok: Trog's Hand       |       |     5 |     5 ||    10
       Berserk           |       |     2 |     2 ||     4
  Use: Scroll            |       |     3 |     5 ||     8
  Eat: Ration            |     2 |       |     4 ||     6
       Chunk             |       |    28 |    10 ||    38
Armor: Animal skin       |   130 |   134 |   114 ||   378
Dodge: Dodged            |   170 |   151 |   138 ||   459
